Map: Catalyst LE

Players

RiSky

  • Race: Zerg Zerg
  • League: Master
  • Spawn Location: 5:00

llIlIllIllII (Stephano) - Winner!

  • Race: Zerg Zerg
  • League: Grandmaster
  • Spawn Location: 11:00

Event: HomeStory Cup XVII

VOD

Have the link to the VOD?

Description

Time

  • Played on: June 28, 2018, 6:27 a.m.
  • Length: 9:04

All games in this series

Show
View Real Time Build Order
Export as new Build Order

RiSky Zerg 

Build Orders: Hatch First 

Get SALT Encoding   

  12  0:00  Drone  
  13  0:14  Overlord  
  13  0:17  Drone  
  14  0:32  Drone  
  14  0:33  Drone  
  16  0:49  Hatchery  
  15  0:52  Drone  
  15  0:56  Drone  
  17  0:59  Drone  
  18  1:10  Extractor  
  17  1:15  Spawning Pool  
  17  1:18  Drone  
  17  1:22  Drone  
  18  1:30  Drone  
  19  1:42  Drone  
  20  1:58  Overlord  
  20  2:01  Drone  
  20  2:02  Queen x2  
  20  2:03  Drone  
  26  2:12  Drone  
  26  2:13  Drone  
  28  2:23  Drone x2  
  30  2:33  Overlord  
  30  2:35  Drone  
  31  2:37  Queen  
  33  2:45  Drone  
  33  2:46  Evolution Chamber  
  33  2:48  Drone  
  34  2:54  Metabolic Boost  
  34  2:56  Drone  
  34  2:57  Zergling x2  
  36  3:06  Drone  
  36  3:07  Drone  
  36  3:10  Drone x3  
  36  3:12  Zerg Missile Weapons Level 1, Drone  
  42  3:13  Drone  
  42  3:14  Overlord  
  43  3:22  Roach Warren  
  42  3:27  Evolution Chamber  
  42  3:32  Overlord  
  41  3:36  Zergling x6  
  41  3:39  Evolution Chamber  
  42  3:44  Zergling x2  
  42  3:45  Zergling x2  
  44  3:49  Overlord, Lair  
  44  3:51  Zergling x2  
  44  3:52  Zergling x2  
  44  3:54  Zergling x4  
  48  4:02  Evolution Chamber  
  47  4:03  Zergling x2  
  47  4:04  Zergling x4  
  47  4:06  Zergling x2  
  52  4:16  Zergling x4  
  54  4:20  Zergling x2  
  54  4:21  Zergling x4  
  57  4:24  Extractor  
  57  4:25  Drone, Extractor  
  57  4:29  Drone  
  57  4:34  Drone  
  58  4:39  Drone x2  
  58  4:40  Overlord, Hatchery  
  58  4:42  Overlord  
  59  4:54  Drone  
  59  4:57  Overlord  
  59  4:59  Drone  
  55  5:02  Roach x3  
  55  5:06  Roach  
  60  5:10  Roach  
  60  5:12  Roach  
  65  5:14  Roach  
  65  5:19  Roach  
  67  5:23  Roach  
  67  5:26  Zerg Missile Weapons Level 2  
  66  5:32  Roach x2  
  67  5:38  Roach Warren  
  67  5:41  Drone x3  
  69  5:51  Zergling x8  
  69  5:53  Zergling x6  
  69  5:54  Zergling x2  
  69  5:56  Zergling x2  
  78  6:03  Zergling x2  
  79  6:04  Zergling x4  
  81  6:14  Zergling x2  
  82  6:18  Zergling x2  
  82  6:19  Zergling x2  
  82  6:20  Glial Reconstitution  
  82  6:21  Roach x3  
  88  6:26  Overlord  
  88  6:36  Overlord  
  87  6:41  Roach  
  85  6:48  Roach x4  
  85  6:53  Roach x4  
  92  6:54  Roach x2  
  92  6:55  Roach x2  
  92  7:01  Roach x2  
  87  7:03  Roach  
  87  7:06  Roach  
  79  7:09  Ravager x4  
  79  7:10  Ravager  
  86  7:15  Roach x2  
  86  7:16  Roach  
  86  7:19  Roach  
  90  7:26  Roach x2  
  90  7:29  Roach x2  
  98  7:33  Roach  
  97  7:38  Roach x2  
  97  7:42  Roach x2  
  97  7:46  Roach  
  97  7:50  Roach x2  
  93  7:56  Roach x2  
  93  7:58  Roach  
  99  8:02  Roach  
  99  8:04  Roach  
  103  8:08  Roach  
  103  8:12  Overlord  
  105  8:17  Overlord  
  105  8:22  Ravager  
  105  8:27  Overseer  
  106  8:31  Roach x3  
  106  8:32  Roach  
  114  8:36  Roach  
  114  8:40  Roach x2  
Show
View Real Time Build Order
Export as new Build Order

llIlIllIllII Zerg - Winner!

Build Orders: Hatch First 

Get SALT Encoding   

  12  0:01  Drone  
  13  0:12  Overlord  
  13  0:17  Drone  
  14  0:31  Drone x2  
  16  0:49  Hatchery  
  15  0:52  Drone  
  15  0:55  Drone  
  17  0:58  Drone  
  18  1:09  Extractor  
  17  1:14  Spawning Pool  
  17  1:17  Drone  
  17  1:20  Drone  
  18  1:28  Drone  
  19  1:40  Drone  
  20  1:50  Drone  
  21  2:01  Drone  
  21  2:03  Overlord, Queen x2  
  26  2:12  Drone x2  
  26  2:13  Metabolic Boost  
  28  2:23  Drone x2  
  30  2:40  Hatchery  
  29  2:44  Queen  
  29  2:48  Baneling Nest  
  29  2:50  Overlord  
  30  2:54  Zergling x2  
  30  2:56  Zergling x2  
  32  2:59  Overlord  
  32  3:03  Zergling x2  
  33  3:08  Overlord  
  33  3:10  Drone  
  34  3:17  Drone x2  
  34  3:18  Zergling x2  
  37  3:21  Zergling x4  
  37  3:26  Drone x2  
  41  3:30  Evolution Chamber  
  41  3:32  Zergling x4  
  43  3:38  Drone x2  
  45  3:44  Drone  
  46  3:49  Drone  
  46  3:52  Lair  
  46  3:54  Drone x3, Extractor  
  49  3:58  Drone x2  
  49  4:02  Drone x2  
  53  4:04  Zerg Missile Weapons Level 1  
  54  4:10  Drone x2  
  54  4:13  Extractor  
  54  4:16  Roach Warren  
  52  4:18  Drone x2  
  52  4:23  Zergling x6  
  57  4:29  Spine Crawler  
  57  4:30  Zergling x4  
  58  4:33  Zergling x4  
  58  4:38  Zergling x2, Evolution Chamber  
  61  4:40  Zergling x2  
  61  4:41  Zergling x2  
  61  4:42  Zergling x2  
  61  4:44  Zergling x2  
  63  4:46  Zergling x2  
  63  4:47  Zergling x2  
  64  4:53  Zergling x2  
  64  4:58  Zergling x2  
  64  4:59  Zergling x2  
  65  5:01  Overlord x2  
  65  5:05  Overlord  
  63  5:07  Glial Reconstitution  
  63  5:09  Zerg Ground Armor Level 1  
  63  5:11  Drone  
  59  5:29  Roach  
  59  5:30  Roach x6  
  67  5:38  Roach  
  67  5:39  Roach x2  
  67  5:41  Roach  
  74  5:45  Drone x3  
  74  5:46  Drone  
  78  5:51  Drone x3  
  78  5:54  Drone  
  78  5:55  Drone  
  83  6:01  Zerg Missile Weapons Level 2  
  83  6:02  Drone  
  83  6:03  Drone  
  85  6:06  Drone x2  
  85  6:08  Drone  
  85  6:10  Drone  
  89  6:13  Overlord  
  89  6:16  Overlord  
  88  6:21  Overlord  
  87  6:27  Roach  
  89  6:33  Roach x4  
  89  6:36  Roach x4  
  105  6:41  Roach x3  
  105  6:44  Roach  
  113  6:50  Roach  
  113  6:54  Roach  
  113  6:57  Roach  
  113  6:59  Overlord x2  
  113  7:01  Roach x2, Extractor x2  
  105  7:04  Drone x4  
  108  7:12  Drone x2  
  108  7:13  Drone  
  108  7:15  Drone x2  
  113  7:20  Drone x2  
  113  7:22  Drone  
  116  7:41  Roach x10  
  122  7:46  Roach  
  122  7:47  Roach x2  
  122  7:52  Roach x4  
  122  7:54  Overlord x2  
  128  8:01  Overlord x2  
  126  8:11  Roach x4  
  130  8:16  Roach x4  
  130  8:18  Ravager x3  
  141  8:23  Overseer  
  141  8:26  Roach x2, Zergling x2  
  146  8:29  Extractor  
  146  8:30  Roach x2  
  146  8:33  Roach  
  146  8:34  Overlord, Roach  
  153  8:37  Roach x2  
  157  8:42  Roach x2  
  167  9:04  Hatchery  
Tags
 
Add a new tag
Caveats
  • Supply blocks, unpowered buildings, or Contaminate may cause inaccurate times.
  • Supply counts are checked every 10 seconds.